AoeStats
← ltjhoward

Black Forest

510115365Analyzed
2v2 RM · 3d ago on Sep 29, 2026· 38m 10s· 4 players
Game mode
Random Map
Map size
Medium (4 player)
Population
200
Speed
Normal
Resources
Standard
Victory
Conquest
Starting age
Dark Age
Ending age
Imperial Age
RankedLock teamsTeams togetherTeam positionsShared explorationLock speedFull tech treeHidden civsTurbo modeCheats
Victory
Defeat
🇺🇸 Vietnamese · United States
1015
+17
🇺🇸 Franks · United States
995
+17
🇦🇷 Chinese · Argentina
1034
-17
🇦🇷 Spanish · Argentina
1033
-17
GooglyFi
2:08 Loom
13:08 Feudal Age
14:10 Double-Bit Axe
17:14 Castle Age
15:46 Stone Mining
21:42 Wheelbarrow
23:23 Bow Saw
29:54 Elite Skirmisher
33:43 Fletching
36:03 Padded Archer Armor
ltjhoward
0:58 Loom
13:44 Feudal Age
19:01 Castle Age
17:15 Stone Mining
17:13 Fishing Lines
17:42 Double-Bit Axe
18:01 Horse Collar
18:09 Town Watch
18:57 Gold Mining
20:14 Bow Saw
19:58 Gillnets
22:03 Heavy Plow
27:18 Fletching
30:30 Imperial Age
28:23 Padded Archer Armor
29:22 Ballistics
29:07 Bodkin Arrow
30:05 Wheelbarrow
30:27 Leather Archer Armor
32:00 Bracer
33:03 Chemistry
32:37 Ring Archer Armor
33:54 Elite Rattan Archer
35:52 Paper Money
36:08 Hoardings
W4lly
10:04 Loom
12:11 Feudal Age
17:03 Castle Age
16:05 Double-Bit Axe
16:59 Horse Collar
18:14 Bow Saw
18:30 Town Watch
20:25 Padded Archer Armor
20:24 Gold Mining
24:46 Husbandry
27:35 Wheelbarrow
27:25 Bloodlines
28:17 Leather Archer Armor
kuikimon69
0:30 Loom
12:42 Feudal Age
19:04 Wheelbarrow
19:26 Horse Collar
22:42 Castle Age
21:20 Fletching
22:12 Padded Archer Armor
22:09 Gold Mining
22:25 Stone Mining
22:49 Double-Bit Axe
23:04 Pikeman
23:13 Elite Skirmisher
26:56 Hand Cart
31:54 Bow Saw
33:07 Bodkin Arrow
38:13 Imperial Age
Connection lost

Rejoining the realm…

Still unreachable

The connection could not be restored.

Session expired

The server has moved on; the page needs a fresh start.